Workbook

Sheet REFERENCIAS
B2: ENERGÍA (YEAR 2024) | C2: 120
C3: 2 | D3: 3 | E3: 4 | F3: 5 | G3: 6 | H3: 7
B4: Pago por Capacidad
B5: 2.0TD | C5: 1.068 | D5: 0.178 | E5: 0 | F5: 0 | G5: 0 | H5: 0
B6: 3.0TD | C6: 1.443 | D6: 0.667 | E6: 0.444 | F6: 0.333 | G6: 0.333 | H6: 0
B7: 6.1TD | C7: 0.619 | D7: 0.285 | E7: 0.19 | F7: 0.143 | G7: 0.143 | H7: 0
B8: 6.2TD | C8: 0.619 | D8: 0.285 | E8: 0.19 | F8: 0.143 | G8: 0.143 | H8: 0
B9: 6.3TD | C9: 0.619 | D9: 0.285 | E9: 0.19 | F9: 0.143 | G9: 0.143 | H9: 0
B10: 6.4TD | C10: 0.619 | D10: 0.285 | E10: 0.19 | F10: 0.143 | G10: 0.143 | H10: 0
B12: Pérdidas BOE
B13: 2.0TD | C13: 0.156 | D13: 0.166 | E13: 0.195 | F13: 0 | G13: 0 | H13: 0
B14: 3.0TD | C14: 0.162 | D14: 0.184 | E14: 0.154 | F14: 0.15 | G14: 0.151 | H14: 0.195
B15: 6.1TD | C15: 0.065 | D15: 0.072 | E15: 0.061 | F15: 0.059 | G15: 0.047 | H15: 0.083
B16: 6.2TD | C16: 0.051 | D16: 0.057 | E16: 0.046 | F16: 0.045 | G16: 0.038 | H16: 0.059
B17: 6.3TD | C17: 0.041 | D17: 0.045 | E17: 0.037 | F17: 0.036 | G17: 0.033 | H17: 0.048
B18: 6.4TD | C18: 0.016 | D18: 0.017 | E18: 0.015 | F18: 0.015 | G18: 0.016 | H18: 0.018
B20: Te ATR
B21: 2.0TD | C21: 72.991 | D21: 28.573 | E21: 3.175 | F21: 0 | G21: 0 | H21: 0
B22: 3.0TD | C22: 43.935 | D22: 33.803 | E22: 16.17 | F22: 9.539 | G22: 3.549 | H22: 2.37
B23: 6.1TD | C23: 31.341 | D23: 24.21 | E23: 11.287 | F23: 7.054 | G23: 2.068 | H23: 1.426
B24: 6.2TD | C24: 16.962 | D24: 13.331 | E24: 5.924 | F24: 3.598 | G24: 0.972 | H24: 0.671
B25: 6.3TD | C25: 14.074 | D25: 10.843 | E25: 5.041 | F25: 3.078 | G25: 0.853 | H25: 0.606
B26: 6.4TD | C26: 10.569 | D26: 8.178 | E26: 3.766 | F26: 2.337 | G26: 0.402 | H26: 0.309
B28: Tp ATR
B29: 2.0TD | C29: 25.383055 | D29: 1.342713 | E29: 0 | F29: 0 | G29: 0 | H29: 0
B30: 3.0TD | C30: 13.982509 | D30: 11.899074 | E30: 4.002045 | F30: 3.653973 | G30: 2.732707 | H30: 2.001136
B31: 6.1TD | C31: 22.965215 | D31: 19.841178 | E31: 10.327582 | F31: 8.560662 | G31: 1.908583 | H31: 1.148958
B32: 6.2TD | C32: 15.826387 | D32: 14.660345 | E32: 6.24435 | F32: 4.918409 | G32: 1.197731 | H32: 0.751653
B33: 6.3TD | C33: 11.693507 | D33: 10.378653 | E33: 5.456201 | F33: 4.251289 | G33: 1.146336 | H33: 0.789272
B34: 6.4TD | C34: 9.330085 | D34: 7.722984 | E34: 3.913267 | F34: 3.073874 | G34: 0.67228 | H34: 0.497567
B36: Pago OMIE | C36: 0.03702
B37: OS | C37: 0.15971
B38: Interr | C38: 0
B39: FNEE | C39: 0.49

Sheet 2.0TD
B2: Identificación del suministro
B3: Grupo del Cliente | C3: CPEN | F3: CIF Cliente
B4: Planta | F4: CUPS | G4: 2.0TD
B6: Características Técnicas
B7: Tarifa de acceso | C7: 2.0TD | E7: Suministros | F7: 306
C8: P1 | D8: P2 | E8: P3 | F8: P4 | G8: P5 | H8: P6 | I8: Total
B9: Consumo Anual (MWh) | C9: 901177.06 | D9: 895356.5 | E9: 1908386.4 | F9: 0 | G9: 0 | H9: 0 | I9: =+SUM(C9:H9) -> 3704919.9
B10: Consumo % | C10: =+C9/$I$9 -> 0.24323793 | D10: =+D9/$I$9 -> 0.2416669 | E10: =+E9/$I$9 -> 0.51509517 | F10: =+F9/$I$9 -> 0 | G10: =+G9/$I$9 -> 0 | H10: =+H9/$I$9 -> 0
B11: Potencia contratada | C11: 2131.462 | D11: 2131.462 | E11: 0 | F11: 0 | G11: 0 | H11: 0
B12: F. Inicio | C12: 43831 | D12: F. Fin | E12: 44196 | F12: Duración (M) | G12: =ROUND((E12-C12)/30,0) -> 12
B14: Características económicas | D14: P. BSLD | E14: =PRECIO!C3 -> 110 | F14: SSAA | G14: =PRECIO!#REF! -> #REF!
C15: P1 | D15: P2 | E15: P3 | F15: P4 | G15: P5 | H15: P6 | I15: P. Medio
B16: APUNTAMIENTO ENERGIA | C16: =C40 -> 1.1104536 | D16: =D40 -> 1.0416788 | E16: =E40 -> 0.9650534 | F16: =F40 -> 0 | G16: =G40 -> 0 | H16: =H40 -> 0 | I16: =+SUMPRODUCT(C16:H16,$C$9:$H$9)/$I$9 -> 1.0189381
B17: PRECIO ENERGIA | C17: =C16*$E$14 -> 122.1499 | D17: =D16*$E$14 -> 114.58467 | E17: =E16*$E$14 -> 106.15587 | F17: =F16*$E$14 -> 0 | G17: =G16*$E$14 -> 0 | H17: =H16*$E$14 -> 0 | I17: =+SUMPRODUCT(C17:H17,$C$9:$H$9)/$I$9 -> 112.08319
B18: APUNTAMIENTO SSAA | C18: =C53/SUM($I$41:$I$52)*$G$14 -> #REF! | D18: =D53/SUM($I$41:$I$52)*$G$14 -> #REF! | E18: =E53/SUM($I$41:$I$52)*$G$14 -> #REF! | F18: =F53/SUM($I$41:$I$52)*$G$14 -> #REF! | G18: =G53/SUM($I$41:$I$52)*$G$14 -> #REF! | H18: =H53/SUM($I$41:$I$52)*$G$14 -> #REF! | I18: =+SUMPRODUCT(C18:H18,$C$9:$H$9)/$I$9 -> #REF!
B19: Pago a OMIE | C19: =IF(C$9=0,0,REFERENCIAS!$C$36) -> 0.03702 | D19: =IF(D$9=0,0,REFERENCIAS!$C$36) -> 0.03702 | E19: =IF(E$9=0,0,REFERENCIAS!$C$36) -> 0.03702 | F19: =IF(F$9=0,0,REFERENCIAS!$C$36) -> 0 | G19: =IF(G$9=0,0,REFERENCIAS!$C$36) -> 0 | H19: =IF(H$9=0,0,REFERENCIAS!$C$36) -> 0 | I19: =+SUMPRODUCT(C19:H19,$C$9:$H$9)/$I$9 -> 0.03702
B20: Pago a REE | C20: =IF(C$9=0,0,REFERENCIAS!$C$37) -> 0.15971 | D20: =IF(D$9=0,0,REFERENCIAS!$C$37) -> 0.15971 | E20: =IF(E$9=0,0,REFERENCIAS!$C$37) -> 0.15971 | F20: =IF(F$9=0,0,REFERENCIAS!$C$37) -> 0 | G20: =IF(G$9=0,0,REFERENCIAS!$C$37) -> 0 | H20: =IF(H$9=0,0,REFERENCIAS!$C$37) -> 0 | I20: =+SUMPRODUCT(C20:H20,$C$9:$H$9)/$I$9 -> 0.15971
B21: Interrumpibilidad | C21: =IF(C$9=0,0,REFERENCIAS!$C$38) -> 0 | D21: =IF(D$9=0,0,REFERENCIAS!$C$38) -> 0 | E21: =IF(E$9=0,0,REFERENCIAS!$C$38) -> 0 | F21: =IF(F$9=0,0,REFERENCIAS!$C$38) -> 0 | G21: =IF(G$9=0,0,REFERENCIAS!$C$38) -> 0 | H21: =IF(H$9=0,0,REFERENCIAS!$C$38) -> 0 | I21: =+SUMPRODUCT(C21:H21,$C$9:$H$9)/$I$9 -> 0
B22: Fondo de Eficiencia | C22: =IF(C$9=0,0,REFERENCIAS!$C$39) -> 0.49 | D22: =IF(D$9=0,0,REFERENCIAS!$C$39) -> 0.49 | E22: =IF(E$9=0,0,REFERENCIAS!$C$39) -> 0.49 | F22: =IF(F$9=0,0,REFERENCIAS!$C$39) -> 0 | G22: =IF(G$9=0,0,REFERENCIAS!$C$39) -> 0 | H22: =IF(H$9=0,0,REFERENCIAS!$C$39) -> 0 | I22: =+SUMPRODUCT(C22:H22,$C$9:$H$9)/$I$9 -> 0.49
B23: P. por Capacidad | C23: =VLOOKUP($C$7,REFERENCIAS!$B$5:$H$10,REFERENCIAS!C$3,0) -> 1.068 | D23: =VLOOKUP($C$7,REFERENCIAS!$B$5:$H$10,REFERENCIAS!D$3,0) -> 0.178 | E23: =VLOOKUP($C$7,REFERENCIAS!$B$5:$H$10,REFERENCIAS!E$3,0) -> 0 | F23: =VLOOKUP($C$7,REFERENCIAS!$B$5:$H$10,REFERENCIAS!F$3,0) -> 0 | G23: =VLOOKUP($C$7,REFERENCIAS!$B$5:$H$10,REFERENCIAS!G$3,0) -> 0 | H23: =VLOOKUP($C$7,REFERENCIAS!$B$5:$H$10,REFERENCIAS!H$3,0) -> 0 | I23: =+SUMPRODUCT(C23:H23,$C$9:$H$9)/$I$9 -> 0.30279482
B24: Pérdidas | C24: =SUM(C17:C23)*VLOOKUP($C$7,REFERENCIAS!$B$13:$H$18,REFERENCIAS!C$3,0) -> #REF! | D24: =SUM(D17:D23)*VLOOKUP($C$7,REFERENCIAS!$B$13:$H$18,REFERENCIAS!D$3,0) -> #REF! | E24: =SUM(E17:E23)*VLOOKUP($C$7,REFERENCIAS!$B$13:$H$18,REFERENCIAS!E$3,0) -> #REF! | F24: =SUM(F17:F23)*VLOOKUP($C$7,REFERENCIAS!$B$13:$H$18,REFERENCIAS!F$3,0) -> #REF! | G24: =SUM(G17:G23)*VLOOKUP($C$7,REFERENCIAS!$B$13:$H$18,REFERENCIAS!G$3,0) -> #REF! | H24: =SUM(H17:H23)*VLOOKUP($C$7,REFERENCIAS!$B$13:$H$18,REFERENCIAS!H$3,0) -> #REF! | I24: =+SUMPRODUCT(C24:H24,$C$9:$H$9)/$I$9 -> #REF!
B25: Margen | C25: =PRECIO!#REF! -> #REF! | D25: =C25 -> #REF! | E25: =D25 -> #REF! | F25: =E25 -> #REF! | G25: =F25 -> #REF! | H25: =G25 -> #REF! | I25: =+SUMPRODUCT(C25:H25,$C$9:$H$9)/$I$9 -> #REF!
B26: GDO | C26: =PRECIO!#REF! -> #REF! | D26: =C26 -> #REF! | E26: =D26 -> #REF! | F26: =E26 -> #REF! | G26: =F26 -> #REF! | H26: =G26 -> #REF! | I26: =+SUMPRODUCT(C26:H26,$C$9:$H$9)/$I$9 -> #REF!
B27: Hacienda Local | C27: =+SUM(C17:C25)*0.015 -> #REF! | D27: =+SUM(D17:D25)*0.015 -> #REF! | E27: =+SUM(E17:E25)*0.015 -> #REF! | F27: =+SUM(F17:F25)*0.015 -> #REF! | G27: =+SUM(G17:G25)*0.015 -> #REF! | H27: =+SUM(H17:H25)*0.015 -> #REF! | I27: =+SUMPRODUCT(C27:H27,$C$9:$H$9)/$I$9 -> #REF!
B28: Te (ATR) | C28: =VLOOKUP($C$7,REFERENCIAS!$B$21:$H$26,REFERENCIAS!C$3,0) -> 72.991 | D28: =VLOOKUP($C$7,REFERENCIAS!$B$21:$H$26,REFERENCIAS!D$3,0) -> 28.573 | E28: =VLOOKUP($C$7,REFERENCIAS!$B$21:$H$26,REFERENCIAS!E$3,0) -> 3.175 | F28: =VLOOKUP($C$7,REFERENCIAS!$B$21:$H$26,REFERENCIAS!F$3,0) -> 0 | G28: =VLOOKUP($C$7,REFERENCIAS!$B$21:$H$26,REFERENCIAS!G$3,0) -> 0 | H28: =VLOOKUP($C$7,REFERENCIAS!$B$21:$H$26,REFERENCIAS!H$3,0) -> 0 | I28: =+SUMPRODUCT(C28:H28,$C$9:$H$9)/$I$9 -> 26.294755
B29: IEE (para Total) | C29: =+SUM(C17:C28)*0.051127+0.5% -> #REF! | D29: =+SUM(D17:D28)*0.051127+0.5% -> #REF! | E29: =+SUM(E17:E28)*0.051127+0.5% -> #REF! | F29: =+SUM(F17:F28)*0.051127+0.5% -> #REF! | G29: =+SUM(G17:G28)*0.051127+0.5% -> #REF! | H29: =+SUM(H17:H28)*0.051127+0.5% -> #REF! | I29: =+SUMPRODUCT(C29:H29,$C$9:$H$9)/$I$9 -> #REF!
B31: Término de Energía sin IEE | C31: =+SUM(C17:C27) -> #REF! | D31: =+SUM(D17:D27) -> #REF! | E31: =+SUM(E17:E27) -> #REF! | F31: =+SUM(F17:F27) -> #REF! | G31: =+SUM(G17:G27) -> #REF! | H31: =+SUM(H17:H27) -> #REF! | I31: =+SUMPRODUCT(C31:H31,$C$9:$H$9)/$I$9 -> #REF!
B32: Término de Energía con IEE | C32: =C31+C31*1.051127*0.5% -> #REF! | D32: =D31+D31*1.051127*0.5% -> #REF! | E32: =E31+E31*1.051127*0.5% -> #REF! | F32: =F31+F31*1.051127*0.5% -> #REF! | G32: =G31+G31*1.051127*0.5% -> #REF! | H32: =H31+H31*1.051127*0.5% -> #REF! | I32: =+SUMPRODUCT(C32:H32,$C$9:$H$9)/$I$9 -> #REF!
B33: Total sin IEE sin TP | C33: =+C31+C28 -> #REF! | D33: =+D31+D28 -> #REF! | E33: =+E31+E28 -> #REF! | F33: =+F31+F28 -> #REF! | G33: =+G31+G28 -> #REF! | H33: =+H31+H28 -> #REF! | I33: =+SUMPRODUCT(C33:H33,$C$9:$H$9)/$I$9 -> #REF!
B34: Total con IEE sin TP | C34: =+C33+C29 -> #REF! | D34: =+D33+D29 -> #REF! | E34: =+E33+E29 -> #REF! | F34: =+F33+F29 -> #REF! | G34: =+G33+G29 -> #REF! | H34: =+H33+H29 -> #REF! | I34: =+SUMPRODUCT(C34:H34,$C$9:$H$9)/$I$9 -> #REF!
B35: TP €/MW y año | C35: =VLOOKUP($C$7,REFERENCIAS!$B$29:$H$34,REFERENCIAS!C$3,0) -> 25.383055 | D35: =VLOOKUP($C$7,REFERENCIAS!$B$29:$H$34,REFERENCIAS!D$3,0) -> 1.342713 | E35: =VLOOKUP($C$7,REFERENCIAS!$B$29:$H$34,REFERENCIAS!E$3,0) -> 0 | F35: =VLOOKUP($C$7,REFERENCIAS!$B$29:$H$34,REFERENCIAS!F$3,0) -> 0 | G35: =VLOOKUP($C$7,REFERENCIAS!$B$29:$H$34,REFERENCIAS!G$3,0) -> 0 | H35: =VLOOKUP($C$7,REFERENCIAS!$B$29:$H$34,REFERENCIAS!H$3,0) -> 0
E36: T. Potencia Mensual sin IEE (€/mes) | I36: =+SUMPRODUCT(C35:H35,C11:H11)/12 -> 4747.0799
C39: P1 | D39: P2 | E39: P3 | F39: P4 | G39: P5 | H39: P6 | I39: PROMEDIO
B40: OMIE | C40: 1.1104536 | D40: 1.0416788 | E40: 0.9650534 | F40: 0 | G40: 0 | H40: 0 | I40: =+SUMPRODUCT(C40:H40,$C$9:$H$9)/$I$9 -> 1.0189381
B41: Restricciones PBF | C41: 0.97555321 | D41: 1.1234933 | E41: 2.953123 | F41: 0 | G41: 0 | H41: 0 | I41: =+SUMPRODUCT(C41:H41,$C$9:$H$9)/$I$9 -> 2.0299421
B42: Restricciones Tiempo Real | C42: 4.3092878 | D42: 3.2421486 | E42: 1.8186566 | F42: 0 | G42: 0 | H42: 0 | I42: =+SUMPRODUCT(C42:H42,$C$9:$H$9)/$I$9 -> 2.7684835
B43: Mercado Intradiario | C43: -0.17407766 | D43: -0.2213327 | E43: -0.193505 | F43: 0 | G43: 0 | H43: 0 | I43: =+SUMPRODUCT(C43:H43,$C$9:$H$9)/$I$9 -> -0.19550457
B44: Restricciones Intradiario | C44: 0 | D44: 0 | E44: 0 | F44: 0 | G44: 0 | H44: 0 | I44: =+SUMPRODUCT(C44:H44,$C$9:$H$9)/$I$9 -> 0
B45: Reserva de potencia adicional | C45: 0 | D45: 0 | E45: 0 | F45: 0 | G45: 0 | H45: 0 | I45: =+SUMPRODUCT(C45:H45,$C$9:$H$9)/$I$9 -> 0
B46: Banda Secundaria | C46: 1.7577302 | D46: 1.9523567 | E46: 2.8660851 | F46: 0 | G46: 0 | H46: 0 | I46: =+SUMPRODUCT(C46:H46,$C$9:$H$9)/$I$9 -> 2.3756732
B47: Desvíos Medidos | C47: 0.81585669 | D47: 0.95000775 | E47: 0.77703136 | F47: 0 | G47: 0 | H47: 0 | I47: =+SUMPRODUCT(C47:H47,$C$9:$H$9)/$I$9 -> 0.82827782
B48: Saldo de Desvíos | C48: 0.044270352 | D48: -0.18515346 | E48: -0.20231551 | F48: 0 | G48: 0 | H48: 0 | I48: =+SUMPRODUCT(C48:H48,$C$9:$H$9)/$I$9 -> -0.13818898
B49: Saldo PO146 | C49: 0.081362672 | D49: 0.015365861 | E49: 0.058669031 | F49: 0 | G49: 0 | H49: 0 | I49: =+SUMPRODUCT(C49:H49,$C$9:$H$9)/$I$9 -> 0.053724043
B50: UPG | C50: 0 | D50: 0 | E50: 0 | F50: 0 | G50: 0 | H50: 0 | I50: =+SUMPRODUCT(C50:H50,$C$9:$H$9)/$I$9 -> 0
B51: Control Factor Potencia | C51: -0.072290054 | D51: -0.072118905 | E51: -0.072121892 | F51: 0 | G51: 0 | H51: 0 | I51: =+SUMPRODUCT(C51:H51,$C$9:$H$9)/$I$9 -> -0.072162074
B52: Incumplimiento energía balance | C52: -0.3274985 | D52: -0.3376337 | E52: -0.32157282 | F52: 0 | G52: 0 | H52: 0 | I52: =+SUMPRODUCT(C52:H52,$C$9:$H$9)/$I$9 -> -0.32689555
B53: SSAA | C53: =SUM(C41:C52) -> 7.4101947 | D53: =SUM(D41:D52) -> 6.4671334 | E53: =SUM(E41:E52) -> 7.6840499 | F53: =SUM(F41:F52) -> 0 | G53: =SUM(G41:G52) -> 0 | H53: =SUM(H41:H52) -> 0 | I53: =+SUMPRODUCT(C53:H53,$C$9:$H$9)/$I$9 -> 7.3233495
B54: Kest | C54: 0.99076484 | D54: 1.0451806 | E54: 1.0675248 | F54: 0 | G54: 0 | H54: 0
B55: Perdidas BOE * Kest | C55: =VLOOKUP($C$7,REFERENCIAS!$B$13:$H$18,REFERENCIAS!C$3,0) -> 0.156 | D55: =VLOOKUP($C$7,REFERENCIAS!$B$13:$H$18,REFERENCIAS!D$3,0) -> 0.166 | E55: =VLOOKUP($C$7,REFERENCIAS!$B$13:$H$18,REFERENCIAS!E$3,0) -> 0.195 | F55: =VLOOKUP($C$7,REFERENCIAS!$B$13:$H$18,REFERENCIAS!F$3,0) -> 0 | G55: =VLOOKUP($C$7,REFERENCIAS!$B$13:$H$18,REFERENCIAS!G$3,0) -> 0 | H55: =VLOOKUP($C$7,REFERENCIAS!$B$13:$H$18,REFERENCIAS!H$3,0) -> 0
B60: Consumo por mes y periodo
B61: Mes/periodo | C61: P1 | D61: P2 | E61: P3 | F61: P4 | G61: P5 | H61: P6 | I61: TOTAL
B62: 1 | C62: 90099 | D62: 85998 | E62: 215995 | F62: 0 | G62: 0 | H62: 0 | I62: =SUM(C62:H62) -> 392092
B63: 2 | C63: 81681 | D63: 78981 | E63: 162967 | F63: 0 | G63: 0 | H63: 0 | I63: =SUM(C63:H63) -> 323629
B64: 3 | C64: 86113 | D64: 83977 | E64: 155152 | F64: 0 | G64: 0 | H64: 0 | I64: =SUM(C64:H64) -> 325242
B65: 4 | C65: 70101 | D65: 70855 | E65: 147498 | F65: 0 | G65: 0 | H65: 0 | I65: =SUM(C65:H65) -> 288454
B66: 5 | C66: 66848 | D66: 67316 | E66: 138720 | F66: 0 | G66: 0 | H66: 0 | I66: =SUM(C66:H66) -> 272884
B67: 6 | C67: 69303 | D67: 72101 | E67: 137625 | F67: 0 | G67: 0 | H67: 0 | I67: =SUM(C67:H67) -> 279029
B68: 7 | C68: 76232 | D68: 80641 | E68: 175682 | F68: 0 | G68: 0 | H68: 0 | I68: =SUM(C68:H68) -> 332555
B69: 8 | C69: 76432 | D69: 79423 | E69: 166120 | F69: 0 | G69: 0 | H69: 0 | I69: =SUM(C69:H69) -> 321975
B70: 9 | C70: 68273 | D70: 68134 | E70: 131590 | F70: 0 | G70: 0 | H70: 0 | I70: =SUM(C70:H70) -> 267997
B71: 10 | C71: 60343 | D71: 58120 | E71: 145867 | F71: 0 | G71: 0 | H71: 0 | I71: =SUM(C71:H71) -> 264330
B72: 11 | C72: 74835 | D72: 71284 | E72: 149130 | F72: 0 | G72: 0 | H72: 0 | I72: =SUM(C72:H72) -> 295249
B73: 12 | C73: 80917 | D73: 78527 | E73: 182040 | F73: 0 | G73: 0 | H73: 0 | I73: =SUM(C73:H73) -> 341484
B74: TOTAL | C74: =SUM(C62:C73) -> 901177 | D74: =SUM(D62:D73) -> 895357 | E74: =SUM(E62:E73) -> 1908386 | F74: =SUM(F62:F73) -> 0 | G74: =SUM(G62:G73) -> 0 | H74: =SUM(H62:H73) -> 0 | I74: =SUM(C74:H74) -> 3704920

Sheet 3.0TD
B2: Identificación del suministro
B3: Grupo del Cliente | C3: CPEN | F3: CIF Cliente
B4: Planta | F4: CUPS | G4: 3.0TD
B6: Características Técnicas
B7: Tarifa de acceso | C7: 3.0TD | E7: Suministros | F7: 91
C8: P1 | D8: P2 | E8: P3 | F8: P4 | G8: P5 | H8: P6 | I8: Total
B9: Consumo Anual (MWh) | C9: 541564 | D9: 681868 | E9: 625360 | F9: 686486 | G9: 274845 | H9: 2468501 | I9: =+SUM(C9:H9) -> 5278624
B10: Consumo % | C10: =+C9/$I$9 -> 0.10259568 | D10: =+D9/$I$9 -> 0.12917533 | E10: =+E9/$I$9 -> 0.11847027 | F10: =+F9/$I$9 -> 0.13005018 | G10: =+G9/$I$9 -> 0.052067546 | H10: =+H9/$I$9 -> 0.467641
B11: Potencia contratada | C11: 2097.904 | D11: 2210.005 | E11: 2264.006 | F11: 2276.006 | G11: 2279.006 | H11: 2751.016
B12: F. Inicio | C12: 43831 | D12: F. Fin | E12: 44196 | F12: Duración (M) | G12: =ROUND((E12-C12)/30,0) -> 12
B14: Características económicas | D14: P. BSLD | E14: =PRECIO!C3 -> 110 | F14: SSAA | G14: =PRECIO!#REF! -> #REF!
C15: P1 | D15: P2 | E15: P3 | F15: P4 | G15: P5 | H15: P6 | I15: P. Medio
B16: APUNTAMIENTO ENERGIA | C16: =C40 -> 1.0536054 | D16: =D40 -> 1.1314418 | E16: =E40 -> 1.0503844 | F16: =F40 -> 1.0208875 | G16: =G40 -> 1.018253 | H16: =H40 -> 0.96110672 | I16: =+SUMPRODUCT(C16:H16,$C$9:$H$9)/$I$9 -> 1.0139265
B17: PRECIO ENERGIA | C17: =C16*$E$14 -> 115.8966 | D17: =D16*$E$14 -> 124.4586 | E17: =E16*$E$14 -> 115.54228 | F17: =F16*$E$14 -> 112.29763 | G17: =G16*$E$14 -> 112.00782 | H17: =H16*$E$14 -> 105.72174 | I17: =+SUMPRODUCT(C17:H17,$C$9:$H$9)/$I$9 -> 111.53191
B18: APUNTAMIENTO SSAA | C18: =C53/SUM($I$41:$I$52)*$G$14 -> #REF! | D18: =D53/SUM($I$41:$I$52)*$G$14 -> #REF! | E18: =E53/SUM($I$41:$I$52)*$G$14 -> #REF! | F18: =F53/SUM($I$41:$I$52)*$G$14 -> #REF! | G18: =G53/SUM($I$41:$I$52)*$G$14 -> #REF! | H18: =H53/SUM($I$41:$I$52)*$G$14 -> #REF! | I18: =+SUMPRODUCT(C18:H18,$C$9:$H$9)/$I$9 -> #REF!
B19: Pago a OMIE | C19: =IF(C$9=0,0,REFERENCIAS!$C$36) -> 0.03702 | D19: =IF(D$9=0,0,REFERENCIAS!$C$36) -> 0.03702 | E19: =IF(E$9=0,0,REFERENCIAS!$C$36) -> 0.03702 | F19: =IF(F$9=0,0,REFERENCIAS!$C$36) -> 0.03702 | G19: =IF(G$9=0,0,REFERENCIAS!$C$36) -> 0.03702 | H19: =IF(H$9=0,0,REFERENCIAS!$C$36) -> 0.03702 | I19: =+SUMPRODUCT(C19:H19,$C$9:$H$9)/$I$9 -> 0.03702
B20: Pago a REE | C20: =IF(C$9=0,0,REFERENCIAS!$C$37) -> 0.15971 | D20: =IF(D$9=0,0,REFERENCIAS!$C$37) -> 0.15971 | E20: =IF(E$9=0,0,REFERENCIAS!$C$37) -> 0.15971 | F20: =IF(F$9=0,0,REFERENCIAS!$C$37) -> 0.15971 | G20: =IF(G$9=0,0,REFERENCIAS!$C$37) -> 0.15971 | H20: =IF(H$9=0,0,REFERENCIAS!$C$37) -> 0.15971 | I20: =+SUMPRODUCT(C20:H20,$C$9:$H$9)/$I$9 -> 0.15971
B21: Interrumpibilidad | C21: =IF(C$9=0,0,REFERENCIAS!$C$38) -> 0 | D21: =IF(D$9=0,0,REFERENCIAS!$C$38) -> 0 | E21: =IF(E$9=0,0,REFERENCIAS!$C$38) -> 0 | F21: =IF(F$9=0,0,REFERENCIAS!$C$38) -> 0 | G21: =IF(G$9=0,0,REFERENCIAS!$C$38) -> 0 | H21: =IF(H$9=0,0,REFERENCIAS!$C$38) -> 0 | I21: =+SUMPRODUCT(C21:H21,$C$9:$H$9)/$I$9 -> 0
B22: Fondo de Eficiencia | C22: =IF(C$9=0,0,REFERENCIAS!$C$39) -> 0.49 | D22: =IF(D$9=0,0,REFERENCIAS!$C$39) -> 0.49 | E22: =IF(E$9=0,0,REFERENCIAS!$C$39) -> 0.49 | F22: =IF(F$9=0,0,REFERENCIAS!$C$39) -> 0.49 | G22: =IF(G$9=0,0,REFERENCIAS!$C$39) -> 0.49 | H22: =IF(H$9=0,0,REFERENCIAS!$C$39) -> 0.49 | I22: =+SUMPRODUCT(C22:H22,$C$9:$H$9)/$I$9 -> 0.49
B23: P. por Capacidad | C23: =VLOOKUP($C$7,REFERENCIAS!$B$5:$H$10,REFERENCIAS!C$3,0) -> 1.443 | D23: =VLOOKUP($C$7,REFERENCIAS!$B$5:$H$10,REFERENCIAS!D$3,0) -> 0.667 | E23: =VLOOKUP($C$7,REFERENCIAS!$B$5:$H$10,REFERENCIAS!E$3,0) -> 0.444 | F23: =VLOOKUP($C$7,REFERENCIAS!$B$5:$H$10,REFERENCIAS!F$3,0) -> 0.333 | G23: =VLOOKUP($C$7,REFERENCIAS!$B$5:$H$10,REFERENCIAS!G$3,0) -> 0.333 | H23: =VLOOKUP($C$7,REFERENCIAS!$B$5:$H$10,REFERENCIAS!H$3,0) -> 0 | I23: =+SUMPRODUCT(C23:H23,$C$9:$H$9)/$I$9 -> 0.34745151
B24: Pérdidas | C24: =SUM(C17:C23)*VLOOKUP($C$7,REFERENCIAS!$B$13:$H$18,REFERENCIAS!C$3,0) -> #REF! | D24: =SUM(D17:D23)*VLOOKUP($C$7,REFERENCIAS!$B$13:$H$18,REFERENCIAS!D$3,0) -> #REF! | E24: =SUM(E17:E23)*VLOOKUP($C$7,REFERENCIAS!$B$13:$H$18,REFERENCIAS!E$3,0) -> #REF! | F24: =SUM(F17:F23)*VLOOKUP($C$7,REFERENCIAS!$B$13:$H$18,REFERENCIAS!F$3,0) -> #REF! | G24: =SUM(G17:G23)*VLOOKUP($C$7,REFERENCIAS!$B$13:$H$18,REFERENCIAS!G$3,0) -> #REF! | H24: =SUM(H17:H23)*VLOOKUP($C$7,REFERENCIAS!$B$13:$H$18,REFERENCIAS!H$3,0) -> #REF! | I24: =+SUMPRODUCT(C24:H24,$C$9:$H$9)/$I$9 -> #REF!
B25: Margen | C25: =PRECIO!#REF! -> #REF! | D25: =C25 -> #REF! | E25: =D25 -> #REF! | F25: =E25 -> #REF! | G25: =F25 -> #REF! | H25: =G25 -> #REF! | I25: =+SUMPRODUCT(C25:H25,$C$9:$H$9)/$I$9 -> #REF!
B26: GDO | C26: =PRECIO!#REF! -> #REF! | D26: =C26 -> #REF! | E26: =D26 -> #REF! | F26: =E26 -> #REF! | G26: =F26 -> #REF! | H26: =G26 -> #REF! | I26: =+SUMPRODUCT(C26:H26,$C$9:$H$9)/$I$9 -> #REF!
B27: Hacienda Local | C27: =+SUM(C17:C25)*0.015 -> #REF! | D27: =+SUM(D17:D25)*0.015 -> #REF! | E27: =+SUM(E17:E25)*0.015 -> #REF! | F27: =+SUM(F17:F25)*0.015 -> #REF! | G27: =+SUM(G17:G25)*0.015 -> #REF! | H27: =+SUM(H17:H25)*0.015 -> #REF! | I27: =+SUMPRODUCT(C27:H27,$C$9:$H$9)/$I$9 -> #REF!
B28: Te (ATR) | C28: =VLOOKUP($C$7,REFERENCIAS!$B$21:$H$26,REFERENCIAS!C$3,0) -> 43.935 | D28: =VLOOKUP($C$7,REFERENCIAS!$B$21:$H$26,REFERENCIAS!D$3,0) -> 33.803 | E28: =VLOOKUP($C$7,REFERENCIAS!$B$21:$H$26,REFERENCIAS!E$3,0) -> 16.17 | F28: =VLOOKUP($C$7,REFERENCIAS!$B$21:$H$26,REFERENCIAS!F$3,0) -> 9.539 | G28: =VLOOKUP($C$7,REFERENCIAS!$B$21:$H$26,REFERENCIAS!G$3,0) -> 3.549 | H28: =VLOOKUP($C$7,REFERENCIAS!$B$21:$H$26,REFERENCIAS!H$3,0) -> 2.37 | I28: =+SUMPRODUCT(C28:H28,$C$9:$H$9)/$I$9 -> 13.323365
B29: IEE (para Total) | C29: =+SUM(C17:C28)*0.051127+0.5% -> #REF! | D29: =+SUM(D17:D28)*0.051127+0.5% -> #REF! | E29: =+SUM(E17:E28)*0.051127+0.5% -> #REF! | F29: =+SUM(F17:F28)*0.051127+0.5% -> #REF! | G29: =+SUM(G17:G28)*0.051127+0.5% -> #REF! | H29: =+SUM(H17:H28)*0.051127+0.5% -> #REF! | I29: =+SUMPRODUCT(C29:H29,$C$9:$H$9)/$I$9 -> #REF!
B31: Término de Energía sin IEE | C31: =+SUM(C17:C27) -> #REF! | D31: =+SUM(D17:D27) -> #REF! | E31: =+SUM(E17:E27) -> #REF! | F31: =+SUM(F17:F27) -> #REF! | G31: =+SUM(G17:G27) -> #REF! | H31: =+SUM(H17:H27) -> #REF! | I31: =+SUMPRODUCT(C31:H31,$C$9:$H$9)/$I$9 -> #REF!
B32: Término de Energía con IEE | C32: =C31+C31*1.051127*0.5% -> #REF! | D32: =D31+D31*1.051127*0.5% -> #REF! | E32: =E31+E31*1.051127*0.5% -> #REF! | F32: =F31+F31*1.051127*0.5% -> #REF! | G32: =G31+G31*1.051127*0.5% -> #REF! | H32: =H31+H31*1.051127*0.5% -> #REF! | I32: =+SUMPRODUCT(C32:H32,$C$9:$H$9)/$I$9 -> #REF!
B33: Total sin IEE sin TP | C33: =+C31+C28 -> #REF! | D33: =+D31+D28 -> #REF! | E33: =+E31+E28 -> #REF! | F33: =+F31+F28 -> #REF! | G33: =+G31+G28 -> #REF! | H33: =+H31+H28 -> #REF! | I33: =+SUMPRODUCT(C33:H33,$C$9:$H$9)/$I$9 -> #REF!
B34: Total con IEE sin TP | C34: =+C33+C29 -> #REF! | D34: =+D33+D29 -> #REF! | E34: =+E33+E29 -> #REF! | F34: =+F33+F29 -> #REF! | G34: =+G33+G29 -> #REF! | H34: =+H33+H29 -> #REF! | I34: =+SUMPRODUCT(C34:H34,$C$9:$H$9)/$I$9 -> #REF!
B35: TP €/MW y año | C35: =VLOOKUP($C$7,REFERENCIAS!$B$29:$H$34,REFERENCIAS!C$3,0) -> 13.982509 | D35: =VLOOKUP($C$7,REFERENCIAS!$B$29:$H$34,REFERENCIAS!D$3,0) -> 11.899074 | E35: =VLOOKUP($C$7,REFERENCIAS!$B$29:$H$34,REFERENCIAS!E$3,0) -> 4.002045 | F35: =VLOOKUP($C$7,REFERENCIAS!$B$29:$H$34,REFERENCIAS!F$3,0) -> 3.653973 | G35: =VLOOKUP($C$7,REFERENCIAS!$B$29:$H$34,REFERENCIAS!G$3,0) -> 2.732707 | H35: =VLOOKUP($C$7,REFERENCIAS!$B$29:$H$34,REFERENCIAS!H$3,0) -> 2.001136
E36: T. Potencia Mensual sin IEE (€/mes) | I36: =+SUMPRODUCT(C35:H35,C11:H11)/12 -> 7061.7588
C39: P1 | D39: P2 | E39: P3 | F39: P4 | G39: P5 | H39: P6 | I39: PROMEDIO
B40: OMIE | C40: 1.0536054 | D40: 1.1314418 | E40: 1.0503844 | F40: 1.0208875 | G40: 1.018253 | H40: 0.96110672 | I40: =+SUMPRODUCT(C40:H40,$C$9:$H$9)/$I$9 -> 1.0139265
B41: Restricciones PBF | C41: 0.90734853 | D41: 0.98859318 | E41: 0.79092738 | F41: 1.2304158 | G41: 1.9453801 | H41: 2.9230436 | I41: =+SUMPRODUCT(C41:H41,$C$9:$H$9)/$I$9 -> 1.9427353
B42: Restricciones Tiempo Real | C42: 3.4428248 | D42: 3.1346392 | E42: 3.6766575 | F42: 3.6817377 | G42: 2.6390436 | H42: 1.7082666 | I42: =+SUMPRODUCT(C42:H42,$C$9:$H$9)/$I$9 -> 2.6087863
B43: Mercado Intradiario | C43: -0.15699227 | D43: -0.19083186 | E43: -0.27246323 | F43: -0.23832574 | G43: -0.093956405 | H43: -0.1984744 | I43: =+SUMPRODUCT(C43:H43,$C$9:$H$9)/$I$9 -> -0.20173744
B44: Restricciones Intradiario | C44: 0 | D44: 0 | E44: 0 | F44: 0 | G44: 0 | H44: 0 | I44: =+SUMPRODUCT(C44:H44,$C$9:$H$9)/$I$9 -> 0
B45: Reserva de potencia adicional | C45: 0 | D45: 0 | E45: 0 | F45: 0 | G45: 0 | H45: 0 | I45: =+SUMPRODUCT(C45:H45,$C$9:$H$9)/$I$9 -> 0
B46: Banda Secundaria | C46: 1.2935334 | D46: 1.6304559 | E46: 2.2923399 | F46: 2.2036035 | G46: 2.3058559 | H46: 2.9040534 | I46: =+SUMPRODUCT(C46:H46,$C$9:$H$9)/$I$9 -> 2.3795935
B47: Desvíos Medidos | C47: 0.60675861 | D47: 0.72903377 | E47: 1.1630508 | F47: 1.1404219 | G47: 0.87058059 | H47: 0.73533475 | I47: =+SUMPRODUCT(C47:H47,$C$9:$H$9)/$I$9 -> 0.83172467
B48: Saldo de Desvíos | C48: -0.11077928 | D48: -0.15792319 | E48: -0.018246979 | F48: -0.23011331 | G48: -0.27940608 | H48: -0.19239169 | I48: =+SUMPRODUCT(C48:H48,$C$9:$H$9)/$I$9 -> -0.16837149
B49: Saldo PO146 | C49: 0.10676821 | D49: 0.020697606 | E49: 0.042810246 | F49: 0.065147963 | G49: 0.02577809 | H49: 0.046951752 | I49: =+SUMPRODUCT(C49:H49,$C$9:$H$9)/$I$9 -> 0.050470589
B50: UPG | C50: 0 | D50: 0 | E50: 0 | F50: 0 | G50: 0 | H50: 0 | I50: =+SUMPRODUCT(C50:H50,$C$9:$H$9)/$I$9 -> 0
B51: Control Factor Potencia | C51: -0.067276336 | D51: -0.072496428 | E51: -0.067822644 | F51: -0.073998803 | G51: -0.083310896 | H51: -0.071682666 | I51: =+SUMPRODUCT(C51:H51,$C$9:$H$9)/$I$9 -> -0.071785083
B52: Incumplimiento energía balance | C52: -0.27415607 | D52: -0.28064114 | E52: -0.44780742 | F52: -0.40435728 | G52: -0.29984548 | H52: -0.32522719 | I52: =+SUMPRODUCT(C52:H52,$C$9:$H$9)/$I$9 -> -0.33771953
B53: SSAA | C53: =SUM(C41:C52) -> 5.7480295 | D53: =SUM(D41:D52) -> 5.801527 | E53: =SUM(E41:E52) -> 7.1594456 | F53: =SUM(F41:F52) -> 7.3745317 | G53: =SUM(G41:G52) -> 7.0301194 | H53: =SUM(H41:H52) -> 7.5298742 | I53: =+SUMPRODUCT(C53:H53,$C$9:$H$9)/$I$9 -> 7.0336967
B54: Kest | C54: 1.0806379 | D54: 1.0678246 | E54: 0.96437896 | F54: 0.93786062 | G54: 1.1020694 | H54: 1.0675248
B55: Perdidas BOE * Kest | C55: =VLOOKUP($C$7,REFERENCIAS!$B$13:$H$18,REFERENCIAS!C$3,0) -> 0.162 | D55: =VLOOKUP($C$7,REFERENCIAS!$B$13:$H$18,REFERENCIAS!D$3,0) -> 0.184 | E55: =VLOOKUP($C$7,REFERENCIAS!$B$13:$H$18,REFERENCIAS!E$3,0) -> 0.154 | F55: =VLOOKUP($C$7,REFERENCIAS!$B$13:$H$18,REFERENCIAS!F$3,0) -> 0.15 | G55: =VLOOKUP($C$7,REFERENCIAS!$B$13:$H$18,REFERENCIAS!G$3,0) -> 0.151 | H55: =VLOOKUP($C$7,REFERENCIAS!$B$13:$H$18,REFERENCIAS!H$3,0) -> 0.195
B60: Consumo por mes y periodo
B61: Mes/periodo | C61: P1 | D61: P2 | E61: P3 | F61: P4 | G61: P5 | H61: P6 | I61: TOTAL
B62: 1 | C62: 139166 | D62: 98011 | E62: 0 | F62: 0 | G62: 0 | H62: 226038 | I62: =SUM(C62:H62) -> 463215
B63: 2 | C63: 138014 | D63: 98028 | E63: 0 | F63: 0 | G63: 0 | H63: 191300 | I63: =SUM(C63:H63) -> 427342
B64: 3 | C64: 0 | D64: 154713 | E64: 94608 | F64: 0 | G64: 0 | H64: 188248 | I64: =SUM(C64:H64) -> 437569
B65: 4 | C65: 0 | D65: 0 | E65: 417 | F65: 123026 | G65: 90998 | H65: 189225 | I65: =SUM(C65:H65) -> 403666
B66: 5 | C66: 0 | D66: 0 | E66: 0 | F66: 131439 | G66: 98557 | H66: 195860 | I66: =SUM(C66:H66) -> 425856
B67: 6 | C67: 0 | D67: 0 | E67: 164337 | F67: 115335 | G67: 501 | H67: 234952 | I67: =SUM(C67:H67) -> 515125
B68: 7 | C68: 147504 | D68: 115653 | E68: 0 | F68: 569 | G68: 0 | H68: 253635 | I68: =SUM(C68:H68) -> 517361
B69: 8 | C69: 0 | D69: 0 | E69: 146359 | F69: 103002 | G69: 0 | H69: 231336 | I69: =SUM(C69:H69) -> 480697
B70: 9 | C70: 0 | D70: 0 | E70: 140132 | F70: 96162 | G70: 0 | H70: 192427 | I70: =SUM(C70:H70) -> 428721
B71: 10 | C71: 0 | D71: 0 | E71: 0 | F71: 116953 | G71: 84390 | H71: 200780 | I71: =SUM(C71:H71) -> 402123
B72: 11 | C72: 0 | D72: 131613 | E72: 79102 | F72: 0 | G72: 398 | H72: 171443 | I72: =SUM(C72:H72) -> 382556
B73: 12 | C73: 116880 | D73: 83850 | E73: 407 | F73: 0 | G73: 0 | H73: 193256 | I73: =SUM(C73:H73) -> 394393
B74: TOTAL | C74: =SUM(C62:C73) -> 541564 | D74: =SUM(D62:D73) -> 681868 | E74: =SUM(E62:E73) -> 625362 | F74: =SUM(F62:F73) -> 686486 | G74: =SUM(G62:G73) -> 274844 | H74: =SUM(H62:H73) -> 2468500 | I74: =SUM(C74:H74) -> 5278624

Sheet 6.1TD
B2: Identificación del suministro
B3: Grupo del Cliente | C3: CPEN | F3: CIF Cliente
B4: Planta | F4: CUPS | G4: 6.1TD
B6: Características Técnicas
B7: Tarifa de acceso | C7: 6.1TD | E7: Suministros | F7: 45
C8: P1 | D8: P2 | E8: P3 | F8: P4 | G8: P5 | H8: P6 | I8: Total
B9: Consumo Anual (MWh) | C9: 1433341.5 | D9: 1815806.7 | E9: 1749382.4 | F9: 1903585.8 | G9: 749113.06 | H9: 7726729 | I9: =+SUM(C9:H9) -> 15377958
B10: Consumo % | C10: =+C9/$I$9 -> 0.093207528 | D10: =+D9/$I$9 -> 0.11807853 | E10: =+E9/$I$9 -> 0.11375908 | F10: =+F9/$I$9 -> 0.12378664 | G10: =+G9/$I$9 -> 0.048713427 | H10: =+H9/$I$9 -> 0.5024548
B11: Potencia contratada | C11: 3322.261 | D11: 3429.261 | E11: 3492.261 | F11: 3523.261 | G11: 3673.261 | H11: 6048.261
B12: F. Inicio | C12: 43831 | D12: F. Fin | E12: 44196 | F12: Duración (M) | G12: =ROUND((E12-C12)/30,0) -> 12
B14: Características económicas | D14: P. BSLD | E14: =PRECIO!C3 -> 110 | F14: SSAA | G14: =PRECIO!#REF! -> #REF!
C15: P1 | D15: P2 | E15: P3 | F15: P4 | G15: P5 | H15: P6 | I15: P. Medio
B16: APUNTAMIENTO ENERGIA | C16: =C40 -> 1.1043627 | D16: =D40 -> 1.1606463 | E16: =E40 -> 1.0536079 | F16: =F40 -> 1.0130054 | G16: =G40 -> 0.95597386 | H16: =H40 -> 0.96206428 | I16: =+SUMPRODUCT(C16:H16,$C$9:$H$9)/$I$9 -> 1.0151989
B17: PRECIO ENERGIA | C17: =C16*$E$14 -> 121.4799 | D17: =D16*$E$14 -> 127.67109 | E17: =E16*$E$14 -> 115.89687 | F17: =F16*$E$14 -> 111.43059 | G17: =G16*$E$14 -> 105.15712 | H17: =H16*$E$14 -> 105.82707 | I17: =+SUMPRODUCT(C17:H17,$C$9:$H$9)/$I$9 -> 111.67188
B18: APUNTAMIENTO SSAA | C18: =C53/SUM($I$41:$I$52)*$G$14 -> #REF! | D18: =D53/SUM($I$41:$I$52)*$G$14 -> #REF! | E18: =E53/SUM($I$41:$I$52)*$G$14 -> #REF! | F18: =F53/SUM($I$41:$I$52)*$G$14 -> #REF! | G18: =G53/SUM($I$41:$I$52)*$G$14 -> #REF! | H18: =H53/SUM($I$41:$I$52)*$G$14 -> #REF! | I18: =+SUMPRODUCT(C18:H18,$C$9:$H$9)/$I$9 -> #REF!
B19: Pago a OMIE | C19: =IF(C$9=0,0,REFERENCIAS!$C$36) -> 0.03702 | D19: =IF(D$9=0,0,REFERENCIAS!$C$36) -> 0.03702 | E19: =IF(E$9=0,0,REFERENCIAS!$C$36) -> 0.03702 | F19: =IF(F$9=0,0,REFERENCIAS!$C$36) -> 0.03702 | G19: =IF(G$9=0,0,REFERENCIAS!$C$36) -> 0.03702 | H19: =IF(H$9=0,0,REFERENCIAS!$C$36) -> 0.03702 | I19: =+SUMPRODUCT(C19:H19,$C$9:$H$9)/$I$9 -> 0.03702
B20: Pago a REE | C20: =IF(C$9=0,0,REFERENCIAS!$C$37) -> 0.15971 | D20: =IF(D$9=0,0,REFERENCIAS!$C$37) -> 0.15971 | E20: =IF(E$9=0,0,REFERENCIAS!$C$37) -> 0.15971 | F20: =IF(F$9=0,0,REFERENCIAS!$C$37) -> 0.15971 | G20: =IF(G$9=0,0,REFERENCIAS!$C$37) -> 0.15971 | H20: =IF(H$9=0,0,REFERENCIAS!$C$37) -> 0.15971 | I20: =+SUMPRODUCT(C20:H20,$C$9:$H$9)/$I$9 -> 0.15971
B21: Interrumpibilidad | C21: =IF(C$9=0,0,REFERENCIAS!$C$38) -> 0 | D21: =IF(D$9=0,0,REFERENCIAS!$C$38) -> 0 | E21: =IF(E$9=0,0,REFERENCIAS!$C$38) -> 0 | F21: =IF(F$9=0,0,REFERENCIAS!$C$38) -> 0 | G21: =IF(G$9=0,0,REFERENCIAS!$C$38) -> 0 | H21: =IF(H$9=0,0,REFERENCIAS!$C$38) -> 0 | I21: =+SUMPRODUCT(C21:H21,$C$9:$H$9)/$I$9 -> 0
B22: Fondo de Eficiencia | C22: =IF(C$9=0,0,REFERENCIAS!$C$39) -> 0.49 | D22: =IF(D$9=0,0,REFERENCIAS!$C$39) -> 0.49 | E22: =IF(E$9=0,0,REFERENCIAS!$C$39) -> 0.49 | F22: =IF(F$9=0,0,REFERENCIAS!$C$39) -> 0.49 | G22: =IF(G$9=0,0,REFERENCIAS!$C$39) -> 0.49 | H22: =IF(H$9=0,0,REFERENCIAS!$C$39) -> 0.49 | I22: =+SUMPRODUCT(C22:H22,$C$9:$H$9)/$I$9 -> 0.49
B23: P. por Capacidad | C23: =VLOOKUP($C$7,REFERENCIAS!$B$5:$H$10,REFERENCIAS!C$3,0) -> 0.619 | D23: =VLOOKUP($C$7,REFERENCIAS!$B$5:$H$10,REFERENCIAS!D$3,0) -> 0.285 | E23: =VLOOKUP($C$7,REFERENCIAS!$B$5:$H$10,REFERENCIAS!E$3,0) -> 0.19 | F23: =VLOOKUP($C$7,REFERENCIAS!$B$5:$H$10,REFERENCIAS!F$3,0) -> 0.143 | G23: =VLOOKUP($C$7,REFERENCIAS!$B$5:$H$10,REFERENCIAS!G$3,0) -> 0.143 | H23: =VLOOKUP($C$7,REFERENCIAS!$B$5:$H$10,REFERENCIAS!H$3,0) -> 0 | I23: =+SUMPRODUCT(C23:H23,$C$9:$H$9)/$I$9 -> 0.13762958
B24: Pérdidas | C24: =SUM(C17:C23)*VLOOKUP($C$7,REFERENCIAS!$B$13:$H$18,REFERENCIAS!C$3,0) -> #REF! | D24: =SUM(D17:D23)*VLOOKUP($C$7,REFERENCIAS!$B$13:$H$18,REFERENCIAS!D$3,0) -> #REF! | E24: =SUM(E17:E23)*VLOOKUP($C$7,REFERENCIAS!$B$13:$H$18,REFERENCIAS!E$3,0) -> #REF! | F24: =SUM(F17:F23)*VLOOKUP($C$7,REFERENCIAS!$B$13:$H$18,REFERENCIAS!F$3,0) -> #REF! | G24: =SUM(G17:G23)*VLOOKUP($C$7,REFERENCIAS!$B$13:$H$18,REFERENCIAS!G$3,0) -> #REF! | H24: =SUM(H17:H23)*VLOOKUP($C$7,REFERENCIAS!$B$13:$H$18,REFERENCIAS!H$3,0) -> #REF! | I24: =+SUMPRODUCT(C24:H24,$C$9:$H$9)/$I$9 -> #REF!
B25: Margen | C25: =PRECIO!#REF! -> #REF! | D25: =C25 -> #REF! | E25: =D25 -> #REF! | F25: =E25 -> #REF! | G25: =F25 -> #REF! | H25: =G25 -> #REF! | I25: =+SUMPRODUCT(C25:H25,$C$9:$H$9)/$I$9 -> #REF!
B26: GDO | C26: =PRECIO!#REF! -> #REF! | D26: =C26 -> #REF! | E26: =D26 -> #REF! | F26: =E26 -> #REF! | G26: =F26 -> #REF! | H26: =G26 -> #REF! | I26: =+SUMPRODUCT(C26:H26,$C$9:$H$9)/$I$9 -> #REF!
B27: Hacienda Local | C27: =+SUM(C17:C25)*0.015 -> #REF! | D27: =+SUM(D17:D25)*0.015 -> #REF! | E27: =+SUM(E17:E25)*0.015 -> #REF! | F27: =+SUM(F17:F25)*0.015 -> #REF! | G27: =+SUM(G17:G25)*0.015 -> #REF! | H27: =+SUM(H17:H25)*0.015 -> #REF! | I27: =+SUMPRODUCT(C27:H27,$C$9:$H$9)/$I$9 -> #REF!
B28: Te (ATR) | C28: =VLOOKUP($C$7,REFERENCIAS!$B$21:$H$26,REFERENCIAS!C$3,0) -> 31.341 | D28: =VLOOKUP($C$7,REFERENCIAS!$B$21:$H$26,REFERENCIAS!D$3,0) -> 24.21 | E28: =VLOOKUP($C$7,REFERENCIAS!$B$21:$H$26,REFERENCIAS!E$3,0) -> 11.287 | F28: =VLOOKUP($C$7,REFERENCIAS!$B$21:$H$26,REFERENCIAS!F$3,0) -> 7.054 | G28: =VLOOKUP($C$7,REFERENCIAS!$B$21:$H$26,REFERENCIAS!G$3,0) -> 2.068 | H28: =VLOOKUP($C$7,REFERENCIAS!$B$21:$H$26,REFERENCIAS!H$3,0) -> 1.426 | I28: =+SUMPRODUCT(C28:H28,$C$9:$H$9)/$I$9 -> 8.754328
B29: IEE (para Total) | C29: =+SUM(C17:C28)*0.051127+0.5% -> #REF! | D29: =+SUM(D17:D28)*0.051127+0.5% -> #REF! | E29: =+SUM(E17:E28)*0.051127+0.5% -> #REF! | F29: =+SUM(F17:F28)*0.051127+0.5% -> #REF! | G29: =+SUM(G17:G28)*0.051127+0.5% -> #REF! | H29: =+SUM(H17:H28)*0.051127+0.5% -> #REF! | I29: =+SUMPRODUCT(C29:H29,$C$9:$H$9)/$I$9 -> #REF!
B31: Término de Energía sin IEE | C31: =+SUM(C17:C27) -> #REF! | D31: =+SUM(D17:D27) -> #REF! | E31: =+SUM(E17:E27) -> #REF! | F31: =+SUM(F17:F27) -> #REF! | G31: =+SUM(G17:G27) -> #REF! | H31: =+SUM(H17:H27) -> #REF! | I31: =+SUMPRODUCT(C31:H31,$C$9:$H$9)/$I$9 -> #REF!
B32: Término de Energía con IEE | C32: =C31+C31*1.051127*0.5% -> #REF! | D32: =D31+D31*1.051127*0.5% -> #REF! | E32: =E31+E31*1.051127*0.5% -> #REF! | F32: =F31+F31*1.051127*0.5% -> #REF! | G32: =G31+G31*1.051127*0.5% -> #REF! | H32: =H31+H31*1.051127*0.5% -> #REF! | I32: =+SUMPRODUCT(C32:H32,$C$9:$H$9)/$I$9 -> #REF!
B33: Total sin IEE sin TP | C33: =+C31+C28 -> #REF! | D33: =+D31+D28 -> #REF! | E33: =+E31+E28 -> #REF! | F33: =+F31+F28 -> #REF! | G33: =+G31+G28 -> #REF! | H33: =+H31+H28 -> #REF! | I33: =+SUMPRODUCT(C33:H33,$C$9:$H$9)/$I$9 -> #REF!
B34: Total con IEE sin TP | C34: =+C33+C29 -> #REF! | D34: =+D33+D29 -> #REF! | E34: =+E33+E29 -> #REF! | F34: =+F33+F29 -> #REF! | G34: =+G33+G29 -> #REF! | H34: =+H33+H29 -> #REF! | I34: =+SUMPRODUCT(C34:H34,$C$9:$H$9)/$I$9 -> #REF!
B35: TP €/MW y año | C35: =VLOOKUP($C$7,REFERENCIAS!$B$29:$H$34,REFERENCIAS!C$3,0) -> 22.965215 | D35: =VLOOKUP($C$7,REFERENCIAS!$B$29:$H$34,REFERENCIAS!D$3,0) -> 19.841178 | E35: =VLOOKUP($C$7,REFERENCIAS!$B$29:$H$34,REFERENCIAS!E$3,0) -> 10.327582 | F35: =VLOOKUP($C$7,REFERENCIAS!$B$29:$H$34,REFERENCIAS!F$3,0) -> 8.560662 | G35: =VLOOKUP($C$7,REFERENCIAS!$B$29:$H$34,REFERENCIAS!G$3,0) -> 1.908583 | H35: =VLOOKUP($C$7,REFERENCIAS!$B$29:$H$34,REFERENCIAS!H$3,0) -> 1.148958
E36: T. Potencia Mensual sin IEE (€/mes) | I36: =+SUMPRODUCT(C35:H35,C11:H11)/12 -> 18710.416
C39: P1 | D39: P2 | E39: P3 | F39: P4 | G39: P5 | H39: P6 | I39: PROMEDIO
B40: OMIE | C40: 1.1043627 | D40: 1.1606463 | E40: 1.0536079 | F40: 1.0130054 | G40: 0.95597386 | H40: 0.96206428 | I40: =+SUMPRODUCT(C40:H40,$C$9:$H$9)/$I$9 -> 1.0151989
B41: Restricciones PBF | C41: 0.7712221 | D41: 0.93936567 | E41: 0.83558778 | F41: 1.2735685 | G41: 1.9971075 | H41: 2.6381857 | I41: =+SUMPRODUCT(C41:H41,$C$9:$H$9)/$I$9 -> 1.8583641
B42: Restricciones Tiempo Real | C42: 3.1868937 | D42: 2.8944563 | E42: 3.5340652 | F42: 3.6628287 | G42: 2.5515412 | H42: 1.8524552 | I42: =+SUMPRODUCT(C42:H42,$C$9:$H$9)/$I$9 -> 2.5493262
B43: Mercado Intradiario | C43: -0.13981176 | D43: -0.16877687 | E43: -0.2778756 | F43: -0.22332596 | G43: -0.11736432 | H43: -0.19304147 | I43: =+SUMPRODUCT(C43:H43,$C$9:$H$9)/$I$9 -> -0.1949279
B44: Restricciones Intradiario | C44: 0 | D44: 0 | E44: 0 | F44: 0 | G44: 0 | H44: 0 | I44: =+SUMPRODUCT(C44:H44,$C$9:$H$9)/$I$9 -> 0
B45: Reserva de potencia adicional | C45: 0 | D45: 0 | E45: 0 | F45: 0 | G45: 0 | H45: 0 | I45: =+SUMPRODUCT(C45:H45,$C$9:$H$9)/$I$9 -> 0
B46: Banda Secundaria | C46: 1.164699 | D46: 1.5842929 | E46: 2.2758423 | F46: 2.2163195 | G46: 2.4487947 | H46: 3.0900177 | I46: =+SUMPRODUCT(C46:H46,$C$9:$H$9)/$I$9 -> 2.5007616
B47: Desvíos Medidos | C47: 0.63587312 | D47: 0.75360779 | E47: 1.1992999 | F47: 1.1759866 | G47: 0.86638768 | H47: 0.86286279 | I47: =+SUMPRODUCT(C47:H47,$C$9:$H$9)/$I$9 -> 0.90601001
B48: Saldo de Desvíos | C48: -0.15262857 | D48: -0.17684006 | E48: -0.050639889 | F48: -0.25318543 | G48: -0.33533129 | H48: -0.24255719 | I48: =+SUMPRODUCT(C48:H48,$C$9:$H$9)/$I$9 -> -0.21041803
B49: Saldo PO146 | C49: 0.10077032 | D49: 0.021118624 | E49: 0.022542593 | F49: 0.073804297 | G49: -0.0030902332 | H49: 0.066995119 | I49: =+SUMPRODUCT(C49:H49,$C$9:$H$9)/$I$9 -> 0.057098102
B50: UPG | C50: 0 | D50: 0 | E50: 0 | F50: 0 | G50: 0 | H50: 0 | I50: =+SUMPRODUCT(C50:H50,$C$9:$H$9)/$I$9 -> 0
B51: Control Factor Potencia | C51: -0.067653552 | D51: -0.073433564 | E51: -0.068412174 | F51: -0.074623563 | G51: -0.08264599 | H51: -0.07236356 | I51: =+SUMPRODUCT(C51:H51,$C$9:$H$9)/$I$9 -> -0.072382041
B52: Incumplimiento energía balance | C52: -0.25191424 | D52: -0.27043444 | E52: -0.46622246 | F52: -0.42124885 | G52: -0.3134631 | H52: -0.35302925 | I52: =+SUMPRODUCT(C52:H52,$C$9:$H$9)/$I$9 -> -0.35324592
B53: SSAA | C53: =SUM(C41:C52) -> 5.2474502 | D53: =SUM(D41:D52) -> 5.5033563 | E53: =SUM(E41:E52) -> 7.0041876 | F53: =SUM(F41:F52) -> 7.4301238 | G53: =SUM(G41:G52) -> 7.0119363 | H53: =SUM(H41:H52) -> 7.6495249 | I53: =+SUMPRODUCT(C53:H53,$C$9:$H$9)/$I$9 -> 7.040586
B54: Kest | C54: 1.0806379 | D54: 1.0678246 | E54: 0.96437896 | F54: 0.93786062 | G54: 1.1020694 | H54: 1.0675248
B55: Perdidas BOE * Kest | C55: =VLOOKUP($C$7,REFERENCIAS!$B$13:$H$18,REFERENCIAS!C$3,0) -> 0.065 | D55: =VLOOKUP($C$7,REFERENCIAS!$B$13:$H$18,REFERENCIAS!D$3,0) -> 0.072 | E55: =VLOOKUP($C$7,REFERENCIAS!$B$13:$H$18,REFERENCIAS!E$3,0) -> 0.061 | F55: =VLOOKUP($C$7,REFERENCIAS!$B$13:$H$18,REFERENCIAS!F$3,0) -> 0.059 | G55: =VLOOKUP($C$7,REFERENCIAS!$B$13:$H$18,REFERENCIAS!G$3,0) -> 0.047 | H55: =VLOOKUP($C$7,REFERENCIAS!$B$13:$H$18,REFERENCIAS!H$3,0) -> 0.083
B60: Consumo por mes y periodo
B61: Mes/periodo | C61: P1 | D61: P2 | E61: P3 | F61: P4 | G61: P5 | H61: P6 | I61: TOTAL
B62: 1 | C62: 423133 | D62: 273092 | E62: 0 | F62: 0 | G62: 0 | H62: 850475 | I62: =SUM(C62:H62) -> 1546700
B63: 2 | C63: 426826 | D63: 287127 | E63: 0 | F63: 0 | G63: 0 | H63: 692011 | I63: =SUM(C63:H63) -> 1405964
B64: 3 | C64: 0 | D64: 449590 | E64: 279814 | F64: 0 | G64: 0 | H64: 591930 | I64: =SUM(C64:H64) -> 1321334
B65: 4 | C65: 0 | D65: 0 | E65: 891 | F65: 307260 | G65: 198215 | H65: 493940 | I65: =SUM(C65:H65) -> 1000306
B66: 5 | C66: 0 | D66: 0 | E66: 0 | F66: 419161 | G66: 281987 | H66: 747924 | I66: =SUM(C66:H66) -> 1449072
B67: 6 | C67: 0 | D67: 0 | E67: 527391 | F67: 342476 | G67: 1107 | H67: 864560 | I67: =SUM(C67:H67) -> 1735534
B68: 7 | C68: 336326 | D68: 232950 | E68: 0 | F68: 1386 | G68: 0 | H68: 536874 | I68: =SUM(C68:H68) -> 1107536
B69: 8 | C69: 0 | D69: 0 | E69: 282131 | F69: 185111 | G69: 0 | H69: 486949 | I69: =SUM(C69:H69) -> 954191
B70: 9 | C70: 0 | D70: 0 | E70: 408111 | F70: 271196 | G70: 0 | H70: 558580 | I70: =SUM(C70:H70) -> 1237887
B71: 10 | C71: 0 | D71: 0 | E71: 0 | F71: 376995 | G71: 266929 | H71: 684262 | I71: =SUM(C71:H71) -> 1328186
B72: 11 | C72: 0 | D72: 407763 | E72: 249949 | F72: 0 | G72: 876 | H72: 700576 | I72: =SUM(C72:H72) -> 1359164
B73: 12 | C73: 247056 | D73: 165284 | E73: 1097 | F73: 0 | G73: 0 | H73: 518649 | I73: =SUM(C73:H73) -> 932086
B74: TOTAL | C74: =SUM(C62:C73) -> 1433341 | D74: =SUM(D62:D73) -> 1815806 | E74: =SUM(E62:E73) -> 1749384 | F74: =SUM(F62:F73) -> 1903585 | G74: =SUM(G62:G73) -> 749114 | H74: =SUM(H62:H73) -> 7726730 | I74: =SUM(C74:H74) -> 15377960

Sheet 6.2TD
B2: Identificación del suministro
B3: Grupo del Cliente | C3: CPEN | F3: CIF Cliente
B4: Planta | F4: CUPS | G4: 6.2TD
B6: Características Técnicas
B7: Tarifa de acceso | C7: 6.2TD | E7: Suministros | F7: 3
C8: P1 | D8: P2 | E8: P3 | F8: P4 | G8: P5 | H8: P6 | I8: Total
B9: Consumo Anual (MWh) | C9: 403815.62 | D9: 537383.81 | E9: 572863.12 | F9: 652476.81 | G9: 264257.09 | H9: 2653825.7 | I9: =+SUM(C9:H9) -> 5084622.2
B10: Consumo % | C10: =+C9/$I$9 -> 0.079419003 | D10: =+D9/$I$9 -> 0.10568805 | E10: =+E9/$I$9 -> 0.11266582 | F10: =+F9/$I$9 -> 0.12832356 | G10: =+G9/$I$9 -> 0.051971825 | H10: =+H9/$I$9 -> 0.52193175
B11: Potencia contratada | C11: 963 | D11: 965 | E11: 966 | F11: 966 | G11: 966 | H11: 1001
B12: F. Inicio | C12: 43831 | D12: F. Fin | E12: 44196 | F12: Duración (M) | G12: =ROUND((E12-C12)/30,0) -> 12
B14: Características económicas | D14: P. BSLD | E14: =PRECIO!C3 -> 110 | F14: SSAA | G14: =PRECIO!#REF! -> #REF!
C15: P1 | D15: P2 | E15: P3 | F15: P4 | G15: P5 | H15: P6 | I15: P. Medio
B16: APUNTAMIENTO ENERGIA | C16: =C40 -> 1.1043627 | D16: =D40 -> 1.1606463 | E16: =E40 -> 1.0536079 | F16: =F40 -> 1.0130054 | G16: =G40 -> 0.95597386 | H16: =H40 -> 0.96206428 | I16: =+SUMPRODUCT(C16:H16,$C$9:$H$9)/$I$9 -> 1.0108875
B17: PRECIO ENERGIA | C17: =C16*$E$14 -> 121.4799 | D17: =D16*$E$14 -> 127.67109 | E17: =E16*$E$14 -> 115.89687 | F17: =F16*$E$14 -> 111.43059 | G17: =G16*$E$14 -> 105.15712 | H17: =H16*$E$14 -> 105.82707 | I17: =+SUMPRODUCT(C17:H17,$C$9:$H$9)/$I$9 -> 111.19762
B18: APUNTAMIENTO SSAA | C18: =C53/SUM($I$41:$I$52)*$G$14 -> #REF! | D18: =D53/SUM($I$41:$I$52)*$G$14 -> #REF! | E18: =E53/SUM($I$41:$I$52)*$G$14 -> #REF! | F18: =F53/SUM($I$41:$I$52)*$G$14 -> #REF! | G18: =G53/SUM($I$41:$I$52)*$G$14 -> #REF! | H18: =H53/SUM($I$41:$I$52)*$G$14 -> #REF! | I18: =+SUMPRODUCT(C18:H18,$C$9:$H$9)/$I$9 -> #REF!
B19: Pago a OMIE | C19: =IF(C$9=0,0,REFERENCIAS!$C$36) -> 0.03702 | D19: =IF(D$9=0,0,REFERENCIAS!$C$36) -> 0.03702 | E19: =IF(E$9=0,0,REFERENCIAS!$C$36) -> 0.03702 | F19: =IF(F$9=0,0,REFERENCIAS!$C$36) -> 0.03702 | G19: =IF(G$9=0,0,REFERENCIAS!$C$36) -> 0.03702 | H19: =IF(H$9=0,0,REFERENCIAS!$C$36) -> 0.03702 | I19: =+SUMPRODUCT(C19:H19,$C$9:$H$9)/$I$9 -> 0.03702
B20: Pago a REE | C20: =IF(C$9=0,0,REFERENCIAS!$C$37) -> 0.15971 | D20: =IF(D$9=0,0,REFERENCIAS!$C$37) -> 0.15971 | E20: =IF(E$9=0,0,REFERENCIAS!$C$37) -> 0.15971 | F20: =IF(F$9=0,0,REFERENCIAS!$C$37) -> 0.15971 | G20: =IF(G$9=0,0,REFERENCIAS!$C$37) -> 0.15971 | H20: =IF(H$9=0,0,REFERENCIAS!$C$37) -> 0.15971 | I20: =+SUMPRODUCT(C20:H20,$C$9:$H$9)/$I$9 -> 0.15971
B21: Interrumpibilidad | C21: =IF(C$9=0,0,REFERENCIAS!$C$38) -> 0 | D21: =IF(D$9=0,0,REFERENCIAS!$C$38) -> 0 | E21: =IF(E$9=0,0,REFERENCIAS!$C$38) -> 0 | F21: =IF(F$9=0,0,REFERENCIAS!$C$38) -> 0 | G21: =IF(G$9=0,0,REFERENCIAS!$C$38) -> 0 | H21: =IF(H$9=0,0,REFERENCIAS!$C$38) -> 0 | I21: =+SUMPRODUCT(C21:H21,$C$9:$H$9)/$I$9 -> 0
B22: Fondo de Eficiencia | C22: =IF(C$9=0,0,REFERENCIAS!$C$39) -> 0.49 | D22: =IF(D$9=0,0,REFERENCIAS!$C$39) -> 0.49 | E22: =IF(E$9=0,0,REFERENCIAS!$C$39) -> 0.49 | F22: =IF(F$9=0,0,REFERENCIAS!$C$39) -> 0.49 | G22: =IF(G$9=0,0,REFERENCIAS!$C$39) -> 0.49 | H22: =IF(H$9=0,0,REFERENCIAS!$C$39) -> 0.49 | I22: =+SUMPRODUCT(C22:H22,$C$9:$H$9)/$I$9 -> 0.49
B23: P. por Capacidad | C23: =VLOOKUP($C$7,REFERENCIAS!$B$5:$H$10,REFERENCIAS!C$3,0) -> 0.619 | D23: =VLOOKUP($C$7,REFERENCIAS!$B$5:$H$10,REFERENCIAS!D$3,0) -> 0.285 | E23: =VLOOKUP($C$7,REFERENCIAS!$B$5:$H$10,REFERENCIAS!E$3,0) -> 0.19 | F23: =VLOOKUP($C$7,REFERENCIAS!$B$5:$H$10,REFERENCIAS!F$3,0) -> 0.143 | G23: =VLOOKUP($C$7,REFERENCIAS!$B$5:$H$10,REFERENCIAS!G$3,0) -> 0.143 | H23: =VLOOKUP($C$7,REFERENCIAS!$B$5:$H$10,REFERENCIAS!H$3,0) -> 0 | I23: =+SUMPRODUCT(C23:H23,$C$9:$H$9)/$I$9 -> 0.1264702
B24: Pérdidas | C24: =SUM(C17:C23)*VLOOKUP($C$7,REFERENCIAS!$B$13:$H$18,REFERENCIAS!C$3,0) -> #REF! | D24: =SUM(D17:D23)*VLOOKUP($C$7,REFERENCIAS!$B$13:$H$18,REFERENCIAS!D$3,0) -> #REF! | E24: =SUM(E17:E23)*VLOOKUP($C$7,REFERENCIAS!$B$13:$H$18,REFERENCIAS!E$3,0) -> #REF! | F24: =SUM(F17:F23)*VLOOKUP($C$7,REFERENCIAS!$B$13:$H$18,REFERENCIAS!F$3,0) -> #REF! | G24: =SUM(G17:G23)*VLOOKUP($C$7,REFERENCIAS!$B$13:$H$18,REFERENCIAS!G$3,0) -> #REF! | H24: =SUM(H17:H23)*VLOOKUP($C$7,REFERENCIAS!$B$13:$H$18,REFERENCIAS!H$3,0) -> #REF! | I24: =+SUMPRODUCT(C24:H24,$C$9:$H$9)/$I$9 -> #REF!
B25: Margen | C25: =PRECIO!#REF! -> #REF! | D25: =C25 -> #REF! | E25: =D25 -> #REF! | F25: =E25 -> #REF! | G25: =F25 -> #REF! | H25: =G25 -> #REF! | I25: =+SUMPRODUCT(C25:H25,$C$9:$H$9)/$I$9 -> #REF!
B26: GDO | C26: =PRECIO!#REF! -> #REF! | D26: =C26 -> #REF! | E26: =D26 -> #REF! | F26: =E26 -> #REF! | G26: =F26 -> #REF! | H26: =G26 -> #REF! | I26: =+SUMPRODUCT(C26:H26,$C$9:$H$9)/$I$9 -> #REF!
B27: Hacienda Local | C27: =+SUM(C17:C25)*0.015 -> #REF! | D27: =+SUM(D17:D25)*0.015 -> #REF! | E27: =+SUM(E17:E25)*0.015 -> #REF! | F27: =+SUM(F17:F25)*0.015 -> #REF! | G27: =+SUM(G17:G25)*0.015 -> #REF! | H27: =+SUM(H17:H25)*0.015 -> #REF! | I27: =+SUMPRODUCT(C27:H27,$C$9:$H$9)/$I$9 -> #REF!
B28: Te (ATR) | C28: =VLOOKUP($C$7,REFERENCIAS!$B$21:$H$26,REFERENCIAS!C$3,0) -> 16.962 | D28: =VLOOKUP($C$7,REFERENCIAS!$B$21:$H$26,REFERENCIAS!D$3,0) -> 13.331 | E28: =VLOOKUP($C$7,REFERENCIAS!$B$21:$H$26,REFERENCIAS!E$3,0) -> 5.924 | F28: =VLOOKUP($C$7,REFERENCIAS!$B$21:$H$26,REFERENCIAS!F$3,0) -> 3.598 | G28: =VLOOKUP($C$7,REFERENCIAS!$B$21:$H$26,REFERENCIAS!G$3,0) -> 0.972 | H28: =VLOOKUP($C$7,REFERENCIAS!$B$21:$H$26,REFERENCIAS!H$3,0) -> 0.671 | I28: =+SUMPRODUCT(C28:H28,$C$9:$H$9)/$I$9 -> 4.2859058
B29: IEE (para Total) | C29: =+SUM(C17:C28)*0.051127+0.5% -> #REF! | D29: =+SUM(D17:D28)*0.051127+0.5% -> #REF! | E29: =+SUM(E17:E28)*0.051127+0.5% -> #REF! | F29: =+SUM(F17:F28)*0.051127+0.5% -> #REF! | G29: =+SUM(G17:G28)*0.051127+0.5% -> #REF! | H29: =+SUM(H17:H28)*0.051127+0.5% -> #REF! | I29: =+SUMPRODUCT(C29:H29,$C$9:$H$9)/$I$9 -> #REF!
B31: Término de Energía sin IEE | C31: =+SUM(C17:C27) -> #REF! | D31: =+SUM(D17:D27) -> #REF! | E31: =+SUM(E17:E27) -> #REF! | F31: =+SUM(F17:F27) -> #REF! | G31: =+SUM(G17:G27) -> #REF! | H31: =+SUM(H17:H27) -> #REF! | I31: =+SUMPRODUCT(C31:H31,$C$9:$H$9)/$I$9 -> #REF!
B32: Término de Energía con IEE | C32: =C31+C31*1.051127*0.5% -> #REF! | D32: =D31+D31*1.051127*0.5% -> #REF! | E32: =E31+E31*1.051127*0.5% -> #REF! | F32: =F31+F31*1.051127*0.5% -> #REF! | G32: =G31+G31*1.051127*0.5% -> #REF! | H32: =H31+H31*1.051127*0.5% -> #REF! | I32: =+SUMPRODUCT(C32:H32,$C$9:$H$9)/$I$9 -> #REF!
B33: Total sin IEE sin TP | C33: =+C31+C28 -> #REF! | D33: =+D31+D28 -> #REF! | E33: =+E31+E28 -> #REF! | F33: =+F31+F28 -> #REF! | G33: =+G31+G28 -> #REF! | H33: =+H31+H28 -> #REF! | I33: =+SUMPRODUCT(C33:H33,$C$9:$H$9)/$I$9 -> #REF!
B34: Total con IEE sin TP | C34: =+C33+C29 -> #REF! | D34: =+D33+D29 -> #REF! | E34: =+E33+E29 -> #REF! | F34: =+F33+F29 -> #REF! | G34: =+G33+G29 -> #REF! | H34: =+H33+H29 -> #REF! | I34: =+SUMPRODUCT(C34:H34,$C$9:$H$9)/$I$9 -> #REF!
B35: TP €/MW y año | C35: =VLOOKUP($C$7,REFERENCIAS!$B$29:$H$34,REFERENCIAS!C$3,0) -> 15.826387 | D35: =VLOOKUP($C$7,REFERENCIAS!$B$29:$H$34,REFERENCIAS!D$3,0) -> 14.660345 | E35: =VLOOKUP($C$7,REFERENCIAS!$B$29:$H$34,REFERENCIAS!E$3,0) -> 6.24435 | F35: =VLOOKUP($C$7,REFERENCIAS!$B$29:$H$34,REFERENCIAS!F$3,0) -> 4.918409 | G35: =VLOOKUP($C$7,REFERENCIAS!$B$29:$H$34,REFERENCIAS!G$3,0) -> 1.197731 | H35: =VLOOKUP($C$7,REFERENCIAS!$B$29:$H$34,REFERENCIAS!H$3,0) -> 0.751653
E36: T. Potencia Mensual sin IEE (€/mes) | I36: =+SUMPRODUCT(C35:H35,C11:H11)/12 -> 3506.7235
C39: P1 | D39: P2 | E39: P3 | F39: P4 | G39: P5 | H39: P6 | I39: PROMEDIO
B40: OMIE | C40: 1.1043627 | D40: 1.1606463 | E40: 1.0536079 | F40: 1.0130054 | G40: 0.95597386 | H40: 0.96206428 | I40: =+SUMPRODUCT(C40:H40,$C$9:$H$9)/$I$9 -> 1.0108875
B41: Restricciones PBF | C41: 0.7712221 | D41: 0.93936566 | E41: 0.83558778 | F41: 1.2735685 | G41: 1.9971076 | H41: 2.6381856 | I41: =+SUMPRODUCT(C41:H41,$C$9:$H$9)/$I$9 -> 1.8988466
B42: Restricciones Tiempo Real | C42: 3.1868938 | D42: 2.8944563 | E42: 3.5340652 | F42: 3.6628287 | G42: 2.5515412 | H42: 1.8524552 | I42: =+SUMPRODUCT(C42:H42,$C$9:$H$9)/$I$9 -> 2.5266683
B43: Mercado Intradiario | C43: -0.13981176 | D43: -0.16877687 | E43: -0.2778756 | F43: -0.22332596 | G43: -0.11736432 | H43: -0.19304147 | I43: =+SUMPRODUCT(C43:H43,$C$9:$H$9)/$I$9 -> -0.19576058
B44: Restricciones Intradiario | C44: 0 | D44: 0 | E44: 0 | F44: 0 | G44: 0 | H44: 0 | I44: =+SUMPRODUCT(C44:H44,$C$9:$H$9)/$I$9 -> 0
B45: Reserva de potencia adicional | C45: 0 | D45: 0 | E45: 0 | F45: 0 | G45: 0 | H45: 0 | I45: =+SUMPRODUCT(C45:H45,$C$9:$H$9)/$I$9 -> 0
B46: Banda Secundaria | C46: 1.164699 | D46: 1.5842929 | E46: 2.2758423 | F46: 2.2163195 | G46: 2.4487947 | H46: 3.0900177 | I46: =+SUMPRODUCT(C46:H46,$C$9:$H$9)/$I$9 -> 2.5408024
B47: Desvíos Medidos | C47: 0.63587312 | D47: 0.75360779 | E47: 1.1992999 | F47: 1.1759866 | G47: 0.86638768 | H47: 0.86286279 | I47: =+SUMPRODUCT(C47:H47,$C$9:$H$9)/$I$9 -> 0.91155788
B48: Saldo de Desvíos | C48: -0.15262857 | D48: -0.17684006 | E48: -0.050639889 | F48: -0.25318542 | G48: -0.33533129 | H48: -0.24255719 | I48: =+SUMPRODUCT(C48:H48,$C$9:$H$9)/$I$9 -> -0.21303261
B49: Saldo PO146 | C49: 0.10077033 | D49: 0.021118624 | E49: 0.022542594 | F49: 0.073804297 | G49: -0.0030902333 | H49: 0.066995119 | I49: =+SUMPRODUCT(C49:H49,$C$9:$H$9)/$I$9 -> 0.057051949
B50: UPG | C50: 0 | D50: 0 | E50: 0 | F50: 0 | G50: 0 | H50: 0 | I50: =+SUMPRODUCT(C50:H50,$C$9:$H$9)/$I$9 -> 0
B51: Control Factor Potencia | C51: -0.067653552 | D51: -0.073433564 | E51: -0.068412174 | F51: -0.074623563 | G51: -0.08264599 | H51: -0.07236356 | I51: =+SUMPRODUCT(C51:H51,$C$9:$H$9)/$I$9 -> -0.072481805
B52: Incumplimiento energía balance | C52: -0.25191424 | D52: -0.27043444 | E52: -0.46622246 | F52: -0.42124885 | G52: -0.3134631 | H52: -0.35302925 | I52: =+SUMPRODUCT(C52:H52,$C$9:$H$9)/$I$9 -> -0.35572038
B53: SSAA | C53: =SUM(C41:C52) -> 5.2474502 | D53: =SUM(D41:D52) -> 5.5033563 | E53: =SUM(E41:E52) -> 7.0041876 | F53: =SUM(F41:F52) -> 7.4301238 | G53: =SUM(G41:G52) -> 7.0119363 | H53: =SUM(H41:H52) -> 7.6495249 | I53: =+SUMPRODUCT(C53:H53,$C$9:$H$9)/$I$9 -> 7.0979317
B54: Kest | C54: 1.0806379 | D54: 1.0678246 | E54: 0.96437896 | F54: 0.93786062 | G54: 1.1020694 | H54: 1.0675248
B55: Perdidas BOE * Kest | C55: =VLOOKUP($C$7,REFERENCIAS!$B$13:$H$18,REFERENCIAS!C$3,0) -> 0.051 | D55: =VLOOKUP($C$7,REFERENCIAS!$B$13:$H$18,REFERENCIAS!D$3,0) -> 0.057 | E55: =VLOOKUP($C$7,REFERENCIAS!$B$13:$H$18,REFERENCIAS!E$3,0) -> 0.046 | F55: =VLOOKUP($C$7,REFERENCIAS!$B$13:$H$18,REFERENCIAS!F$3,0) -> 0.045 | G55: =VLOOKUP($C$7,REFERENCIAS!$B$13:$H$18,REFERENCIAS!G$3,0) -> 0.038 | H55: =VLOOKUP($C$7,REFERENCIAS!$B$13:$H$18,REFERENCIAS!H$3,0) -> 0.059
B60: Consumo por mes y periodo
B61: Mes/periodo | C61: P1 | D61: P2 | E61: P3 | F61: P4 | G61: P5 | H61: P6 | I61: TOTAL
B62: 1 | C62: 119209 | D62: 80821 | E62: 0 | F62: 0 | G62: 0 | H62: 292105 | I62: =SUM(C62:H62) -> 492135
B63: 2 | C63: 120250 | D63: 84975 | E63: 0 | F63: 0 | G63: 0 | H63: 237678 | I63: =SUM(C63:H63) -> 442903
B64: 3 | C64: 0 | D64: 133055 | E64: 91630 | F64: 0 | G64: 0 | H64: 203304 | I64: =SUM(C64:H64) -> 427989
B65: 4 | C65: 0 | D65: 0 | E65: 292 | F65: 105317 | G65: 69922 | H65: 169649 | I65: =SUM(C65:H65) -> 345180
B66: 5 | C66: 0 | D66: 0 | E66: 0 | F66: 143673 | G66: 99474 | H66: 256882 | I66: =SUM(C66:H66) -> 500029
B67: 6 | C67: 0 | D67: 0 | E67: 172702 | F67: 117388 | G67: 391 | H67: 296942 | I67: =SUM(C67:H67) -> 587423
B68: 7 | C68: 94753 | D68: 68941 | E68: 0 | F68: 475 | G68: 0 | H68: 184395 | I68: =SUM(C68:H68) -> 348564
B69: 8 | C69: 0 | D69: 0 | E69: 92388 | F69: 63449 | G69: 0 | H69: 167248 | I69: =SUM(C69:H69) -> 323085
B70: 9 | C70: 0 | D70: 0 | E70: 133642 | F70: 92956 | G70: 0 | H70: 191850 | I70: =SUM(C70:H70) -> 418448
B71: 10 | C71: 0 | D71: 0 | E71: 0 | F71: 129220 | G71: 94162 | H71: 235017 | I71: =SUM(C71:H71) -> 458399
B72: 11 | C72: 0 | D72: 120677 | E72: 81850 | F72: 0 | G72: 309 | H72: 240620 | I72: =SUM(C72:H72) -> 443456
B73: 12 | C73: 69603 | D73: 48915 | E73: 359 | F73: 0 | G73: 0 | H73: 178136 | I73: =SUM(C73:H73) -> 297013
B74: TOTAL | C74: =SUM(C62:C73) -> 403815 | D74: =SUM(D62:D73) -> 537384 | E74: =SUM(E62:E73) -> 572863 | F74: =SUM(F62:F73) -> 652478 | G74: =SUM(G62:G73) -> 264258 | H74: =SUM(H62:H73) -> 2653826 | I74: =SUM(C74:H74) -> 5084624

Sheet PRECIO
B1: CONFIGURADOR PRECIO (lote 1)
B3: ENERGÍA Y24 | C3: 110 | D3: (valor OMIEm en la fórmula)
B5: Tei = (C1Omie + (OMIEm * Ap)) * C2
C7: C1Omie (€/MWh)
B8: TARIFAS | C8: P 1 | D8: P 2 | E8: P 3 | F8: P 4 | G8: P 5 | H8: P 6
B9: 2.0TD | C9: 27.873317 | D9: 25.695571 | E9: 27.179265 | F9: - | G9: - | H9: -
B10: 3.0TD | C10: 24.301862 | D10: 23.60192 | E10: 25.309511 | F10: 25.504304 | G10: 25.014644 | H10: 25.392159
B11: 6.1TD | C11: 20.758874 | D11: 20.788347 | E11: 22.825032 | F11: 23.383005 | G11: 22.789038 | H11: 23.551628
B12: 6.2TD | C12: 20.698659 | D12: 20.725195 | E12: 22.744658 | F12: 23.297742 | G12: 22.708574 | H12: 23.463848
C14: Ap
B15: TARIFAS | C15: P 1 | D15: P 2 | E15: P 3 | F15: P 4 | G15: P 5 | H15: P 6
B16: 2.0TD | C16: 1.1104536 | D16: 1.0416788 | E16: 0.9650534 | F16: - | G16: - | H16: -
B17: 3.0TD | C17: 1.0536054 | D17: 1.1314418 | E17: 1.0503844 | F17: 1.0208875 | G17: 1.018253 | H17: 0.96110672
B18: 6.1TD | C18: 1.1043627 | D18: 1.1606463 | E18: 1.0536079 | F18: 1.0130054 | G18: 0.95597386 | H18: 0.96206428
B19: 6.2TD | C19: 1.1043627 | D19: 1.1606463 | E19: 1.0536079 | F19: 1.0130054 | G19: 0.95597386 | H19: 0.96206428
C21: C2
B22: TARIFAS | C22: P 1 | D22: P 2 | E22: P 3 | F22: P 4 | G22: P 5 | H22: P 6
B23: 2.0TD | C23: 1.22955 | D23: 1.24005 | E23: 1.2705 | F23: - | G23: - | H23: -
B24: 3.0TD | C24: 1.23585 | D24: 1.25895 | E24: 1.22745 | F24: 1.22325 | G24: 1.2243 | H24: 1.2705
B25: 6.1TD | C25: 1.134 | D25: 1.14135 | E25: 1.1298 | F25: 1.1277 | G25: 1.1151 | H25: 1.1529
B26: 6.2TD | C26: 1.1193 | D26: 1.1256 | E26: 1.11405 | F26: 1.113 | G26: 1.10565 | H26: 1.1277
C28: Termino de Energía (€/MWh)
B29: TARIFAS | C29: P 1 | D29: P 2 | E29: P 3 | F29: P 4 | G29: P 5 | H29: P 6
B30: 2.0TD | C30: =(C9+($C$3*C16))*C23 -> 184.46104 | D30: =(D9+($C$3*D16))*D23 -> 173.95452 | E30: =(E9+($C$3*E16))*E23 -> 169.40229 | F30: - | G30: - | H30: -
B31: 3.0TD | C31: =(C10+($C$3*C17))*C24 -> 173.26426 | D31: =(D10+($C$3*D17))*D24 -> 186.40079 | E31: =(E10+($C$3*E17))*E24 -> 172.88853 | F31: =(F10+($C$3*F17))*F24 -> 168.56621 | G31: =(G10+($C$3*G17))*G24 -> 167.75661 | H31: =(H10+($C$3*H17))*H24 -> 166.58021
B32: 6.1TD | C32: =(C11+($C$3*C18))*C25 -> 161.29877 | D32: =(D11+($C$3*D18))*D25 -> 169.44418 | E32: =(E11+($C$3*E18))*E25 -> 156.72801 | F32: =(F11+($C$3*F18))*F25 -> 152.02929 | G32: =(G11+($C$3*G18))*G25 -> 142.67277 | H32: =(H11+($C$3*H18))*H25 -> 149.1607
B33: 6.2TD | C33: =(C12+($C$3*C19))*C26 -> 159.14046 | D33: =(D12+($C$3*D19))*D26 -> 167.03486 | E33: =(E12+($C$3*E19))*E26 -> 154.4536 | F33: =(F12+($C$3*F19))*F26 -> 149.95264 | G33: =(G12+($C$3*G19))*G26 -> 141.37471 | H33: =(H12+($C$3*H19))*H26 -> 145.80137
D35: 1
C36: Térm. Potencia | D36: Térm. Energía
B37: TARIFAS | E37: IE | F37: Total
B38: 2.0TD | C38: ='2.0TD'!$I$36*12 -> 56964.959 | D38: =SUMPRODUCT(C30:H30,'2.0TD'!$C$9:$H$9)/1000*$D$35 -> 645268.4 | E38: =SUM(C38:D38)*0.051127 -> 35903.085 | F38: =SUM(C38:E38) -> 738136.44
B39: 3.0TD | C39: ='3.0TD'!$I$36*12 -> 84741.106 | D39: =SUMPRODUCT(C31:H31,'3.0TD'!$C$9:$H$9)/1000*$D$35 -> 902080.81 | E39: =SUM(C39:D39)*0.051127 -> 50453.244 | F39: =SUM(C39:E39) -> 1037275.2
B40: 6.1TD | C40: ='6.1TD'!$I$36*12 -> 224525 | D40: =SUMPRODUCT(C32:H32,'6.1TD'!$C$9:$H$9)/1000*$D$35 -> 2361854.5 | E40: =SUM(C40:D40)*0.051127 -> 132233.82 | F40: =SUM(C40:E40) -> 2718613.3
B41: 6.2TD | C41: ='6.2TD'!$I$36*12 -> 42080.682 | D41: =SUMPRODUCT(C33:H33,'6.2TD'!$C$9:$H$9)/1000*$D$35 -> 764637.32 | E41: =SUM(C41:D41)*0.051127 -> 41245.071 | F41: =SUM(C41:E41) -> 847963.07
B43: PRECIO | F43: =SUM(F38:F41) -> 5341988
